 Dungeon Crawl Stone Soup version 0.31-a0-771-g505c3d19dc (webtiles) character file.

Game seed: 11727576910545861300

95 Psyclone the Sneak (level 4, -6/27 HPs)
             Began as an Octopode Fire Elementalist on Sept 16, 2023.
             Mangled by a wight
             ... wielding a +4 morningstar
              (10 damage)
             ... on level 3 of the Dungeon.
             The game lasted 00:07:19 (3822 turns).

Psyclone the Sneak (Octopode Fire Elementalist)     Turns: 3822, Time: 00:07:20

Health: -6/27      AC:  1    Str:  7    XL:     4   Next: 65%
Magic:  3/7        EV: 13    Int: 19    God:
Gold:   164        SH:  0    Dex: 12    Spells: 2/8 levels left

rFire   + . .        a - +0 short sword (freeze)
rCold   . . .        (no shield)
rNeg    . . .        (helmet restricted)
rPois   .            (no amulet)
rElec   .            b - ring of wizardry
rCorr   .            c - ring of protection from fire
SInv    .            d - ring of flight
Will    .....        (no ring)
Stlth   +++          (no ring)
HPRegen 0.24/turn    (no ring)
MPRegen 0.10/turn    (no ring)
                     (no ring)

%: wizardry (x1)
@: flying
A: almost no armour, amphibious, 8 rings, camouflage 1, gelatinous body 1,
(nimble swimmer 1), tentacles
a: no special abilities


You were on level 3 of the Dungeon.
You visited 1 branch of the dungeon, and saw 3 of its levels.

You collected 164 gold pieces.

Inventory:

Hand Weapons
 a - a +0 short sword of freezing (weapon)
Jewellery
 b - a ring of wizardry (left tentacle)
 c - a ring of protection from fire (right tentacle)
 d - a ring of flight (on tentacle)
Scrolls
 e - a scroll of fog {unknown}
 f - 2 scrolls of teleportation
Potions
 g - 2 potions of magic


   Skills:
 + Level 2.7 Dodging
 + Level 3.7 Stealth
 + Level 2.5 Spellcasting
 + Level 2.1 Conjurations
 + Level 3.5 Fire Magic


You had 2 spell levels left.
You knew the following spells:

 Your Spells              Type           Power      Damage    Failure   Level
a - Foxfire               Conj/Fire      52%        2x1d6     1%          1
b - Scorch                Fire           30%        2d6       2%          2
e - Inner Flame           Hex/Fire       9%         N/A       10%         3

Your spell library contained the following spells:

 Spells                   Type           Power      Damage    Failure   Level
 Volatile Blastmotes      Fire/Tloc      18%        2d11      10%         3
 Flame Wave               Conj/Fire      13%        2d6       21%         4


Dungeon Overview and Level Annotations

Branches:
Dungeon (3/15) Zot: 14168

Altars:


Innate Abilities, Weirdness & Mutations

You cannot wear most types of armour.
You are amphibious.
You can wear up to eight rings at the same time.
Your skin changes colour to match your surroundings (Stealth+).
Your rubbery body absorbs attacks. (AC +1, EV +1)
((You are camouflaged when in or above water. (Stealth+)))
You have tentacles for arms and can constrict up to eight enemies at once.


Message History

Casting: Foxfire (safe; 1% risk of failure)
Confirm with . or Enter, or press ? or * to list all spells.
You conjure some foxfire!
The foxfire hits the wight but does no damage. x2
You now have 5/7 mp.
Casting: Foxfire (safe; 1% risk of failure)
Confirm with . or Enter, or press ? or * to list all spells.
You conjure some foxfire!
The foxfire hits the wight but does no damage.
The foxfire hits the wight.
The wight is lightly damaged.
You now have 4/7 mp.
Your foxfire dissipates!
The foxfire hits the wight but does no damage.
The wight is lightly damaged.
The wight attacks as it pursues you! The wight closely misses you.
The wight attacks as it pursues you! The wight misses you.
Casting: Foxfire (safe; 1% risk of failure)
Confirm with . or Enter, or press ? or * to list all spells.
You conjure some foxfire!
The wight hits you with a +4 morningstar!
You take 9 damage, and have 18/27 hp.
MASSIVE DAMAGE!!
You now have 5/7 mp.
Casting: Foxfire (safe; 1% risk of failure)
Confirm with . or Enter, or press ? or * to list all spells.
You conjure some foxfire!
The foxfire hits the wight.
The wight is moderately damaged.
The foxfire hits the wight but does no damage.
The wight is moderately damaged.
The wight hits you with a +4 morningstar!
Ouch! That really hurt!
* * * LOW HITPOINT WARNING * * *
You take 14 damage, and have 4/27 hp.
MASSIVE DAMAGE!!
You now have 4/7 mp.
Casting: Foxfire (safe; 1% risk of failure)
Confirm with . or Enter, or press ? or * to list all spells.
You conjure some foxfire!
The foxfire hits the wight.
The wight is heavily damaged.
The foxfire hits the wight but does no damage.
The wight is heavily damaged.
The wight hits you with a +4 morningstar!
You die...

..........#.#
#.#.#.#.#
..........#.#
#.#.#.#.#
..........#.# #.#.#.#
..........#.# #.#
..........#'###.#
.............##.#
########.....##.#
########..v..##.#
.......'.z@ยง.##.#
#############...v.##.#
#....................#
#.####################
#.# ##.# ...# ####


You could see a wight (ally target).

Vanquished Creatures
  2 adders (D:2)
  A dart slug (D:3)
  5 orcs (D:3)
  8 bats
  7 endoplasms
  7 giant cockroaches
  3 goblins
  5 hobgoblins
  4 quokkas
  8 ball pythons
  3 frilled lizards
  4 kobolds
  8 rats
65 creatures vanquished.

Vanquished Creatures (others)
  259 foxfires
259 creatures vanquished.

Grand Total: 324 creatures vanquished

Notes
Turn   | Place    | Note
-------+----------+-------------------------------------------
     0 | D:1      | Psyclone the Octopode Fire Elementalist began the quest for
                  | the Orb.
     0 | D:1      | Reached XP level 1. HP: 11/11 MP: 3/3
   281 | D:1      | Reached XP level 2. HP: 17/17 MP: 1/5
  1091 | D:1      | Reached XP level 3. HP: 21/21 MP: 3/6
  1397 | D:1      | Learned a level 2 spell: Scorch
  2280 | D:2      | Reached XP level 4. HP: 27/27 MP: 2/7
  3372 | D:3      | Learned a level 3 spell: Inner Flame
  3822 | D:3      | Mangled by a wight

Illustrated notes

Levels and vault maps discovered:
D:1:      scummos_arrival_star, layout_loops_cross, hangedman_glass_teeth
D:2:      layout_basic, hangedman_decor_riveting, lightli_corner_chamber
D:3:      layout_basic, grunt_ministairs_6, minmay_gold_behind_fungi

Skill      XL: |  1  2  3  4 |
---------------+-------------+-----
Stealth        | 3 |  3.7
Conjurations   | 2 |  2.1
Dodging        | |  2.7
Spellcasting   | |  2.5
Fire Magic     | |  3.5

Action                     |  1- 3 |  4- 6 || total
---------------------------+-------+-------++-------
   Cast: Foxfire           |    97 |    60 ||   157
    Use: Scroll            |     6 |       ||     6
         Potion            |     3 |       ||     3
 Armour: Skin              |     6 |     3 ||     9
  Dodge: Dodged            |    11 |     2 ||    13

Table legend: (Time is in decaauts)
 A = Elapsed time spent in this place.
 B = Non-inter-level travel time spent in this place.
 C = Inter-level travel time spent in this place.
 D = Time resting spent in this place.
 E = Time spent auto-exploring this place.
 F = Levels seen in this place.
 G = Mean time per level.
                   A        B        C        D        E       F      G
               +--------+--------+--------+--------+--------+-----+--------+
         Total |   3830 |   3691 |    139 |    171 |   3043 |   3 | 1276.7 |
       Dungeon |   3830 |   3691 |    139 |    171 |   3043 |   3 | 1276.7 |
               +--------+--------+--------+--------+--------+-----+--------+

Top non-repeatable levels by time:
     D:2: 1637 daAuts
     D:1: 1595 daAuts
     D:3: 598 daAuts
